 Dungeon Crawl Stone Soup version 0.19-a0-1201-gda63bca (webtiles) character file.

207 truemonolith the Skirmisher (level 5, 0/51 HPs)
             Began as a Draconian Monk on Aug 20, 2016.
             Killed from afar by sergedm's ghost (1 damage)
             ... with a magic dart
             ... on level 3 of the Dungeon.
             The game lasted 00:07:42 (2419 turns).

truemonolith the Skirmisher (Draconian Monk)        Turns: 2419, Time: 00:07:43

Health: 0/51       AC:  5    Str: 13    XL:     5   Next: 54%
Magic:  5/5        EV: 13    Int: 16    God:
Gold:   86         SH:  0    Dex: 14    Spells: 0 memorised, 4 levels left

rFire  . . .     SeeInvis .       - Unarmed
rCold  . . .     Gourm    .     (armour unavailable)
rNeg   . . .     Faith    .     (no shield)
rPois  .         Spirit   .     (helmet restricted)
rElec  .         Dismiss  .     (no cloak)
rCorr  .         Reflect  .     (no gloves)
MR     .....     Harm     .     (no boots)
Stlth  ++........               (no amulet)
                                (no ring)
                                (no ring)

@: brilliant, flying (expiring)
A: unfitting armour, talons 1, deterioration 1, wild magic 1, cold-blooded, AC
+5
a: no special abilities


You were on level 3 of the Dungeon.
You were not hungry.

You visited 1 branch of the dungeon, and saw 3 of its levels.

You collected 86 gold pieces.

Inventory:

Scrolls
 a - a scroll of enchant armour {unknown}
 c - 2 scrolls of identify {unknown}
 e - 2 scrolls of enchant weapon {unknown}
 f - 2 scrolls of remove curse {unknown}
 g - a scroll of immolation {unknown}
 h - a scroll of recharging {unknown}
 j - 2 scrolls of blinking {unknown}
 k - a scroll of magic mapping {unknown}
 m - a scroll of teleportation {unknown}
Potions
 d - a potion of flight
Comestibles
 b - 2 bread rations
 l - a meat ration
 n - 5 fruits


   Skills:
 + Level 6.9 Fighting
 - Level 2.6 Dodging
 - Level 1.7 Stealth
 - Level 3.0 Unarmed Combat


You had 4 spell levels left.
You didn't know any spells.

Dungeon Overview and Level Annotations

Branches:
Dungeon (3/15)

Altars:

Annotations:
D:3 sergedm's ghost, amateur DECj


Innate Abilities, Weirdness & Mutations

Your plain brown scales are hard. (AC +5)
Your body does not fit into most forms of armour.
You are cold-blooded and may be slowed by cold attacks.
You have sharp toenails.
Your body sometimes deteriorates upon taking damage.
Your spells are a little harder to cast, but a little more powerful.


Message History

Your toenails lengthen and sharpen.
You feel yourself wasting away.
You feel less in control of your magic. The quokka bites you.
* * * LOW HITPOINT WARNING * * *
The quokka closely misses you.
You hit the quokka.
You kill the quokka!
You start resting.
You are starting to lose your buoyancy.
You start resting.
Sergedm's ghost is nearby!
Sergedm's ghost turns its malevolent gaze towards you.
Sergedm's ghost gestures at you while chanting.
The magic dart hits you!
* * * LOW HITPOINT WARNING * * *
There is a stone staircase leading down here.
Sergedm's ghost mispronounces a nearly unspeakable incantation.
Sergedm's ghost gestures at you while chanting.
The magic dart hits you!
You die...

##...#####.... .... ........
..... ..##..# # .#.
#...##.##..###.#....
.......##...........
#............... #...>W..........
#.†##.#######.## . +..##@##..
.... ## #..##.##.# #.## .. ##
#..##.##.####.#
.#######.............# #
..........##.##.#....####
#.#.......................#
#.#.####..####.##.#....#######.
###.#.####..###..................
.................................


You could see sergedm's ghost.

Vanquished Creatures
  Jessica (D:3)
  Terence (D:2)
  Natasha (thrice) (D:3)
  An adder (D:2)
  A worm (D:3)
  3 dart slugs
  An orc (D:3)
  5 bats
  3 giant cockroaches
  10 goblins
  7 hobgoblins
  5 jackals (D:3)
  8 kobolds
  A quokka (D:3)
  A ball python (D:3)
  5 giant newts
  7 rats
63 creatures vanquished.

Notes
Turn   | Place    | Note
-------+----------+-------------------------------------------
     0 | D:1      | truemonolith the Draconian Monk began the quest for the Orb.
     0 | D:1      | Reached XP level 1. HP: 19/19 MP: 1/1
    76 | D:1      | Reached XP level 2. HP: 24/27 MP: 2/2
    80 | D:1      | Reached skill level 4 in Fighting
   745 | D:2      | Reached XP level 3. HP: 32/34 MP: 3/3
   955 | D:2      | Reached skill level 5 in Fighting
  1651 | D:3      | Noticed Jessica
  1659 | D:3      | Killed Jessica
  1659 | D:3      | Reached XP level 4. HP: 32/44 MP: 4/4
  1924 | D:3      | Noticed Natasha
  1938 | D:3      | Killed Natasha
  1938 | D:3      | Reached skill level 6 in Fighting
  1991 | D:3      | Noticed Terence
  2016 | D:3      | Noticed sergedm's ghost (amateur DECj)
  2061 | D:2      | Killed Terence
  2061 | D:2      | Reached XP level 5. HP: 33/51 MP: 5/5
  2252 | D:3      | Noticed Natasha
  2267 | D:3      | Killed Natasha
  2376 | D:3      | Noticed Natasha
  2388 | D:3      | Killed Natasha
  2399 | D:3      | Gained mutation: You have sharp toenails. [potion of mutation]
  2399 | D:3      | Gained mutation: Your body sometimes deteriorates upon taking damage. [potion of mutation]
  2399 | D:3      | Gained mutation: Your spells are a little harder to cast, but a little more powerful. [potion of mutation]
  2399 | D:3      | HP: 2/51 [quokka (2)]
  2417 | D:3      | HP: 1/51 [sergedm's ghost/magic dart (4)]
  2419 | D:3      | Killed from afar by sergedm's ghost

Vault maps used:
D:1:      minmay_arrival_jagged
D:3:      lemuel_doored_altar, first_bread, goddamned_bats, uniq_terence,
          uniq_jessica, uniq_natasha

Skill      XL: |  1  2  3  4 |
---------------+-------------+-----
Fighting       | 4 5 6 |  6.9
Dodging        | |  2.6
Stealth        | |  1.7
Unarmed Combat | |  3.0

Action                   |  1- 3 |  4- 6 || total
-------------------------+-------+-------++-------
Melee: Unarmed           |   157 |   110 ||   267
       Tailslap          |    14 |    15 ||    29
       Punch             |       |     3 ||     3
  Use: Potion            |       |     4 ||     4
 Stab: Sleeping          |     3 |     2 ||     5
  Eat: Chunk             |     2 |       ||     2
       Bread ration      |       |     1 ||     1
Armor: Skin              |    54 |    18 ||    72
Dodge: Dodged            |   119 |    76 ||   195
